 Dungeon Crawl Stone Soup version 0.29-a0-321-gf1c400731a (webtiles) character file.

Game seed: 14607021728076005441

81858 tilp the Devastator (level 15, -7/73 HPs)
             Began as a Felid Ice Elementalist on Apr 3, 2022.
             Was a High Priest of Vehumet.
             Mangled by Polyphemus (9 damage)
             ... on level 3 of the Shoals.
             The game lasted 01:27:34 (48301 turns).

tilp the Devastator (Felid Ice Elementalist)       Turns: 48301, Time: 01:27:35

Health: -7/73      AC: 20    Str:  4    XL:     15   Next: 27%
Magic:  18/38      EV: 22    Int: 23    God:    Vehumet [*****.]
Gold:   2832       SH:  5    Dex: 18    Spells: 1/33 levels left
                                        Lives:  0   Deaths: 2

rFire   + . .      SeeInvis +     - Unarmed
rCold   + . .      Faith    .   (shield unavailable)
rNeg    + . .      Spirit   .   (body armour unavailable)
rPois   .          Reflect  +   (helmet unavailable)
rElec   .          Harm     .   (cloak unavailable)
rCorr   .          Rampage  .   (gloves unavailable)
Will    ++...                   (boots unavailable)
Stlth   +++.......              b - amulet "Qygrabrot" {Reflect rF+ rN+ SH+5}
HPRegen 0.22/turn               c - ring of magical power
MPRegen 0.26/turn               s - +7 ring of protection

@: ice-armoured, very slow
A: very small, claws 1, fangs 3, see invisible, speed 1, shaggy fur 3, stealthy
paws, no weapons or thrown items, no armour, multi-lived
a: Renounce Religion


You were on level 3 of the Shoals.
You worshipped Vehumet.
Vehumet was extremely pleased with you.
You visited 5 branches of the dungeon, and saw 26 of its levels.
You also visited: Volcano.

You collected 4393 gold pieces.
You spent 1561 gold pieces at shops.

Inventory:

Jewellery
 b - the amulet "Qygrabrot" (around neck) {Reflect rF+ rN+ SH+5}
   (You acquired it on level 1 of the Dungeon)

   [amulet of reflection]

   It reflects blocked missile attacks.
   rF:        It protects you from fire.
   rN:        It protects you from negative energy.
   SH:        It affects your SH (+5).
 c - a ring of magical power (left paw)
 f - a +4 ring of protection
 k - a ring of resist corrosion
 l - an amulet of regeneration
 r - an amulet of the acrobat
 s - a +7 ring of protection (right paw)
 F - a ring of protection from cold
 I - a ring of protection from fire
 J - a +4 ring of evasion
 M - a ring of protection from fire
 R - a ring of positive energy
 T - the amulet of Fragile Peace {Spirit Harm rElec rC+ Stlth+}
   (You found it on level 6 of the Lair of Beasts)

   [amulet of guardian spirit]

   It causes incoming damage to be divided between your reserves of health and
   magic.
   rC:        It protects you from cold.
   rElec:     It insulates you from electricity.
   Harm:      It increases damage dealt and taken.
   Stlth:     It makes you more stealthy.
 U - a ring of magical power
Wands
 n - a wand of polymorph (11)
 o - a wand of acid (19)
 v - a wand of flame (54)
 y - a wand of mindburst (6)
 C - a wand of paralysis (11)
 E - a wand of iceblast (15)
 L - a wand of charming (2)
Scrolls
 i - 4 scrolls of fear
 p - 2 scrolls of summoning
 q - 8 scrolls of teleportation
 B - 2 scrolls of amnesia
 G - 3 scrolls of magic mapping
 H - 3 scrolls of fog
 K - a scroll of immolation
 O - a scroll of holy word
 P - 2 scrolls of blinking
 S - a scroll of vulnerability
Potions
 a - 3 potions of magic
 d - 4 potions of might
 e - 13 potions of curing
 g - 13 potions of attraction
 h - 4 potions of flight
 j - 6 potions of lignification
 m - 5 potions of mutation
 t - 3 potions of haste
 u - 5 potions of brilliance
 w - 3 potions of heal wounds
 x - 2 potions of ambrosia
 z - 3 potions of invisibility
 A - 2 potions of berserk rage
 D - 6 potions of cancellation
 N - 4 potions of resistance
Miscellaneous
 Q - a piece from Xom's chessboard (15/15)


   Skills:
 + Level 12.5 Fighting
 - Level 8.0 Dodging
 + Level 11.5 Stealth
 - Level 8.0 Unarmed Combat
 + Level 9.7 Spellcasting
 * Level 15.8 Conjurations
 * Level 13.0 Ice Magic
 - Level 4.0 Air Magic
 + Level 2.2 Earth Magic
 + Level 9.2 Evocations


You had one spell level left.
You knew the following spells:

 Your Spells              Type           Power      Damage    Failure   Level
a - Stone Arrow           Conj/Erth      100%       3d13      1%          3
b - Frozen Ramparts       Ice            100%       1d12      1%          3
c - Ozocubu's Armour      Ice            63%        N/A       1%          3
d - Hailstorm             Conj/Ice       67%        3d14      1%          4
e - Freezing Cloud        Conj/Ice/Air   28%        6-21      1%          5
f - Orb of Destruction    Conj           35%        9d10      2%          7
g - Ozocubu's Refrigerat  Ice            31%        4d11      6%          7

Your spell library contained the following spells:

 Spells                   Type           Power      Damage    Failure   Level
 Lightning Bolt           Conj/Air       27%        1d43      1%          5
 Freeze                   Ice            100%       1d11      1%          1
 Shock                    Conj/Air       100%       1d9       1%          1
 Animate Skeleton         Necr           22%        N/A       6%          1
 Apportation              Tloc           22%        N/A       6%          1
 Pain                     Necr           44%        1d6       6%          1
 Slow                     Hex            44%        N/A       6%          1
 Ensorcelled Hibernation  Hex/Ice        82%        N/A       1%          2
 Poisonous Vapours        Pois/Air       40%        N/A       1%          2
 Dazzling Flash           Conj/Hex       94%        N/A       1%          3
 Irradiate                Conj/Tmut      23%        3d21      1%          5
 Corpse Rot               Necr/Air       40%        N/A       3%          2
 Swiftness                Air            29%        N/A       3%          3
 Airstrike                Air            14%        N/A       3%          4
 Ice Form                 Ice/Tmut       41%        N/A       4%          4
 Summon Ice Beast         Ice/Summ       41%        N/A       4%          4
 Passwall                 Tmut/Erth      13%        N/A       5%          2
 Sublimation of Blood     Necr           11%        N/A       9%          2
 Confusing Touch          Hex            11%        N/A       17%         3
 Spider Form              Tmut/Pois      11%        N/A       17%         3
 Vampiric Draining        Necr           11%        2d6       17%         3
 Lee's Rapid Deconstruct  Erth           10%        3d9*      17%         5
 Leda's Liquefaction      Hex/Erth       8%         N/A       36%         4
 Petrify                  Tmut/Erth      16%        N/A       36%         4
 Anguish                  Hex/Necr       5%         N/A       50%         4
 Passage of Golubria      Tloc           11%        N/A       50%         4
 Silence                  Hex/Air        10%        N/A       56%         5
 Agony                    Necr           11%        N/A       85%         5
 Alistair's Intoxication  Tmut/Pois      7%         N/A       85%         5
 Summon Forest            Summ/Tloc      5%         N/A       85%         5
 Eringya's Noxious Bog    Tmut/Pois      5%         N/A       88%         6
 Lehudib's Crystal Spear  Conj/Erth      25%        10d7      90%         8
 Statue Form              Tmut/Erth      10%        N/A       99%         6
 Summon Hydra             Summ           5%         N/A       100%        7
 Animate Armour           Summ/Erth      Unusable   N/A       N/A         4

Dungeon Overview and Level Annotations

Branches:
Dungeon (14/15)            Temple (1/1) D:6            Lair (6/6) D:10
 Shoals (3/4) Lair:2       Spider (0/4) Lair:2        Slime (0/5) Lair:5
    Orc (2/2) D:11            Elf (0/3) Orc:2       Volcano (visited)
 Vaults: D:13-14

Altars:
Ashenzari
Cheibriados
Dithmenos
Elyvilon
Fedhas
Gozag
Hepliaklqana
Kikubaaqudgha
Makhleb
Nemelex Xobeh
Okawaru
Qazlal
Ru
Sif Muna
Trog
Uskayaw
Vehumet
Wu Jian
Xom
Yredelemnul
Zin
The Shining One
Jiyva

Shops:
D:5 [   D:8 =   Orc:2 !!?[

Annotations:
D:14 1 runed translucent door, Agnes; Louise
Lair:4 3 runed translucent doors (scary Slime), Rupert; Som Pofo's ghost, journeyman DDGl
Shoals:3 exclusion: death yak, Polyphemus


Innate Abilities, Weirdness & Mutations

You have sharp claws.
You have razor-sharp teeth.
You have supernaturally acute eyesight. (SInv)
You cover ground quickly. (Speed+)
Your thick and shaggy fur keeps you warm. (AC +3, rC+)
Your paws help you pounce on unaware monsters.
You are incapable of wielding weapons or throwing items.
You cannot wear armour.
You gain extra lives every three experience levels.


Message History

Magic courses through your body.
Unknown command.
Casting: Ozocubu's Armour (safe; 1% risk of failure)
Confirm with . or Enter, or press ? or * to list all spells.
Aiming: Stone Arrow (safe; 1% risk of failure)
Press: ? - help, Shift-Dir - straight line, f/p - Polyphemus
Aim: Polyphemus, quivering large rocks (severely wounded, 98% to hit)
The stone arrow hits Polyphemus!
Polyphemus is severely wounded.
Polyphemus hits you!
* * * LOW HITPOINT WARNING * * *
Polyphemus hits you but does no damage.
Casting: Stone Arrow (safe; 1% risk of failure)
Confirm with . or Enter, or press ? or * to list all spells.
Aiming: Stone Arrow (safe; 1% risk of failure)
Press: ? - help, Shift-Dir - straight line, f/p - Polyphemus
Aim: Polyphemus, quivering large rocks (severely wounded, 98% to hit)
The stone arrow hits Polyphemus!
Polyphemus is almost dead.
You block Polyphemus's attack. x2
Unknown command.
Casting: Stone Arrow (safe; 1% risk of failure)
Confirm with . or Enter, or press ? or * to list all spells.
Aiming: Stone Arrow (safe; 1% risk of failure)
Press: ? - help, Shift-Dir - straight line, f/p - Polyphemus
Aim: Polyphemus, quivering large rocks (almost dead, 98% to hit)
The stone arrow hits Polyphemus!
Polyphemus is almost dead.
Polyphemus hits you!!
* * * LOW HITPOINT WARNING * * *
Polyphemus hits you but does no damage.
Casting: Stone Arrow (safe; 1% risk of failure)
Confirm with . or Enter, or press ? or * to list all spells.
Aiming: Stone Arrow (safe; 1% risk of failure)
Press: ? - help, Shift-Dir - straight line, f/p - Polyphemus
Aim: Polyphemus, quivering large rocks (almost dead, 98% to hit)
The stone arrow hits Polyphemus!
Polyphemus is almost dead.
You block Polyphemus's attack. Polyphemus hits you!
You die...

≈≈≈≈≈..≈)≈.....#<.≈≈.####.....
≈≈≈≈≈≈≈≈)≈≈≈..###.≈≈.# ##...≈
≈≈≈≈≈≈≈...≈≈...#.≈≈..#####...≈
≈≈≈≈≈≈≈)...≈≈≈≈≈≈≈≈≈≈≈.....≈.≈
≈≈≈≈≈≈≈...≈≈.≈≈≈≈≈≈≈≈..#...≈≈≈
≈≈≈≈.≈≈≈≈≈≈≈≈≈≈≈≈≈≈≈≈..##...≈≈
≈≈≈≈≈≈≈≈≈≈≈≈≈≈≈≈≈≈≈≈..####..≈≈
≈≈≈≈≈≈≈≈≈≈≈≈≈≈≈≈≈≈≈≈..# #..≈≈
≈≈≈≈≈≈≈≈≈≈≈≈≈@≈≈≈≈....####....
≈≈≈≈≈≈≈≈≈≈≈≈≈≈C≈≈≈.........≈≈≈
≈≈≈≈≈≈≈≈≈≈≈≈≈≈≈≈≈≈........≈≈≈≈
≈≈≈≈≈≈≈≈≈≈≈≈.##.......≈≈
≈≈≈≈≈≈≈≈≈≈≈≈.#....##..≈≈
≈≈≈≈≈≈≈≈≈≈≈≈≈≈≈≈≈###..≈≈
≈≈≈≈≈≈≈≈≈≈≈≈≈≈≈≈≈......≈
≈≈≈≈≈≈≈≈≈≈≈≈≈.≈≈....###.
≈≈≈≈≈.≈≈≈....# #.


You could see Polyphemus.

Vanquished Creatures
  Roxanne (Shoals:3)
  Kirke (D:14)
  An orc warlord (Orc:2)
  A frost giant (D:10)
  A stone giant (D:10)
  A red draconian (Volcano)
  2 merfolk javelineers
  A yaktaur captain (D:10)
  A fire dragon (D:10)
  Harold (Orc:1)
  6 boulder beetles
  3 hydras (Lair:6)
  2 satyrs (Shoals:3)
  3 merfolk avatars
  9 centaur warriors
  A merfolk aquamancer (Shoals:3)
  10 two-headed ogres
  4 catoblepae
  A deep troll shaman (Lair:6)
  21 death yaks
  Erica (Orc:1)
  A tengu warrior (D:14)
  6 orc high priests (Orc:2)
  6 skeletal warriors
  A fire crab (D:10)
  10 sea snakes
  The ghost of tilp the Skirmisher, a novice MyWn (D:7)
  A flayed ghost (D:10)
  6 orc knights
  4 harpies
  4 deep elf pyromancers
  7 orc sorcerers
  A wolf spider (D:12)
  9 fauns
  6 manticores
  13 ugly things
  16 elephants
  5 cyclopes
  An elephant (shapeshifter) (D:14)
  5 merfolk sirens
  3 water nymphs
  18 cane toads
  3 gargoyles
  4 unseen horrors (D:12)
  A yaktaur (Volcano)
  9 komodo dragons
  3 kobold demonologists
  2 rime drakes
  2 efreet
  A freezing wraith (D:10)
  12 merfolk
  2 meliai (D:14)
  5 trolls
  2 polar bears
  2 hornets
  8 slime creatures
  6 wind drakes
  A raiju (shapeshifter) (D:14)
  5 dream sheep (Shoals:1)
  23 blink frogs
  9 snapping turtles
  5 wraiths
  2 water elementals
  3 shadows
  5 basilisks
  5 wyverns
  A human (shapeshifter) (D:12)
  A human (D:11)
  60 yaks
  12 vampire mosquitoes
  9 wargs
  3 steam dragons
  A warg (shapeshifter) (D:14)
  4 acid dragons
  9 water moccasins
  2 hell hounds (Lair:2)
  31 orc warriors
  2 sky beasts (D:7)
  8 black bears
  A tengu (D:7)
  6 ogres
  5 boggarts
  16 centaurs
  22 wolves
  3 phantoms
  15 bullfrogs
  5 kobold brigands
  4 gnoll sergeants
  A necrophage (D:6)
  3 scorpions
  17 wights
  2 killer bees (D:9)
  5 howler monkeys
  4 jellies
  6 gnoll shamans
  26 orc priests
  3 hounds
  3 iron imps (D:9)
  9 iguanas
  30 orc wizards
  8 hell rats
  45 gnolls
  5 adders
  A worm (D:4)
  6 dart slugs
  87 orcs
  8 ball pythons
  5 bats
  6 endoplasms
  2 giant cockroaches
  7 hobgoblins
  4 jackals (D:3)
  4 quokkas
  3 frilled lizards
  11 goblins
  19 kobolds
  2 rats (D:1)
  3 bushes (Lair:6)
871 creatures vanquished.

Vanquished Creatures (others)
  A meliai (D:14)
  3 humans (D:14)
  A bush (Lair:5)
  38 fungi
  135 plants
178 creatures vanquished.

Grand Total: 1049 creatures vanquished

Notes
Turn   | Place    | Note
-------+----------+-------------------------------------------
     0 | D:1      | tilp the Felid Ice Elementalist began the quest for the
                  | Orb.
     0 | D:1      | Reached XP level 1. HP: 7/7 MP: 4/4
   454 | D:1      | Reached XP level 2. HP: 12/12 MP: 6/6
   595 | D:1      | Found a faded altar of an unknown god.
   622 | D:1      | You fall into a shaft and drop 1 floor!
   892 | D:1      | Reached skill level 1 in Fighting
  1224 | D:1      | Identified a scroll of acquirement
  1224 | D:1      | Acquired the amulet "Qygrabrot" {Reflect rF+ rN+ SH+5}
  1351 | D:2      | Reached XP level 3. HP: 15/15 MP: 7/7
  1355 | D:2      | Learned a level 3 spell: Frozen Ramparts
  1932 | D:2      | Learned a level 3 spell: Ozocubu's Armour
  1937 | D:2      | Reached XP level 4. HP: 19/19 MP: 8/8
  2294 | D:3      | Found an ancient bone altar of Kikubaaqudgha.
  2911 | D:3      | Acquired 944 gold pieces
  3141 | D:3      | Reached XP level 5. HP: 22/22 MP: 10/10
  3411 | D:4      | Found a blossoming altar of Fedhas.
  3521 | D:4      | Reached skill level 5 in Ice Magic
  4030 | D:5      | Entered Level 5 of the Dungeon
  4169 | D:5      | Gained mutation: You are covered in thick fur. (AC +2)
                  | [Felid growth]
  4169 | D:5      | Reached XP level 6. HP: 26/26 MP: 11/11
  4447 | D:5      | Identified the +5 ring mail of the First Snow {rF+}
  4550 | D:5      | Reached skill level 1 in Evocations
  4667 | D:5      | Found Dypnausch's Armour Shoppe.
  4690 | D:5      | Reached skill level 1 in Unarmed Combat
  4805 | D:5      | Reached XP level 7. HP: 31/31 MP: 12/12
  5659 | D:6      | Reached skill level 5 in Stealth
  5828 | D:6      | Learned a level 4 spell: Hailstorm
  5874 | D:6      | Reached XP level 8. HP: 31/36 MP: 5/13
  6006 | D:6      | Reached skill level 1 in Conjurations
  6321 | D:6      | Reached skill level 2 in Conjurations
  6645 | D:6      | Reached skill level 3 in Conjurations
  6654 | D:6      | Reached skill level 5 in Fighting
  6654 | D:6      | Reached XP level 9. HP: 30/40 MP: 3/16
  7014 | D:6      | Found a staircase to the Ecumenical Temple.
  7031 | Temple   | Entered the Ecumenical Temple
  7299 | Temple   | Became a worshipper of Vehumet
  7398 | D:6      | Reached skill level 4 in Conjurations
  8431 | D:7      | Reached skill level 5 in Conjurations
  8896 | D:7      | Found a runed translucent door.
  8922 | D:7      | Reached skill level 5 in Spellcasting
  8978 | D:7      | Reached * piety under Vehumet
  8978 | D:7      | Offered knowledge of Sandblast by Vehumet.
  9080 | D:7      | Noticed tilp's ghost (novice MyWn)
  9116 | D:7      | Noticed Joseph
  9119 | D:7      | Noticed Joseph
  9119 | D:7      | Joseph changed into Joseph the tengu
  9121 | D:7      | Killed Joseph the tengu
  9495 | D:7      | Reached skill level 6 in Conjurations
  9964 | D:8      | Reached XP level 10. HP: 38/45 MP: 13/18
 10151 | D:8      | Identified the +6 long sword of Evaquipn {freeze, Will-
                  | rCorr Int+4 Dex+8}
 10450 | D:8      | Reached ** piety under Vehumet
 10451 | D:8      | Reached skill level 7 in Conjurations
 10475 | D:8      | Noticed a gargoyle
 10478 | D:8      | Killed a gargoyle
 10478 | D:8      | Offered knowledge of Shock by Vehumet.
 11157 | D:8      | Found Vutuha's One-of-a-Kind Rings.
 11161 | D:8      | Acquired 1017 gold pieces
 11163 | D:8      | Bought a +7 ring of protection for 1449 gold pieces
 11434 | D:8      | Reached skill level 8 in Conjurations
 12012 | D:8      | Noticed a two-headed ogre
 12012 | D:8      | Noticed a centaur warrior
 12023 | D:8      | Killed a centaur warrior
 12063 | D:8      | Killed a two-headed ogre
 12064 | D:8      | Reached skill level 5 in Evocations
 12606 | D:9      | Offered knowledge of Inner Flame by Vehumet.
 12609 | D:9      | Reached XP level 11. HP: 50/50 MP: 19/19
 12867 | D:9      | Reached *** piety under Vehumet
 13161 | D:9      | Noticed a two-headed ogre
 13196 | D:9      | Killed a two-headed ogre
 13418 | D:9      | Found a burning altar of Makhleb.
 13673 | D:9      | Found a shimmering blue altar of Sif Muna.
 13903 | D:10     | Entered Level 10 of the Dungeon
 14198 | D:10     | Offered knowledge of Sticky Flame by Vehumet.
 14340 | D:10     | Found a staircase to the Lair.
 14482 | D:10     | Noticed a deep elf pyromancer
 14884 | D:10     | Noticed a two-headed ogre
 14905 | D:10     | Killed a two-headed ogre
 14994 | D:10     | Noticed a fire crab
 15154 | D:10     | Killed a fire crab
 15603 | D:11     | Reached skill level 9 in Conjurations
 15929 | D:11     | Found a staircase to the Orcish Mines.
 15946 | D:11     | Reached **** piety under Vehumet
 16256 | D:11     | Noticed a soul eater
 16258 | D:11     | Gained mutation: Your thick and shaggy fur keeps you warm.
                  | (AC +3, rC+) [Felid growth]
 16258 | D:11     | Reached XP level 12. HP: 29/56 MP: 13/21
 16862 | D:11     | Found an iron altar of Okawaru.
 17246 | Lair:1   | Entered Level 1 of the Lair of Beasts
 17249 | Lair:1   | Offered knowledge of Freezing Cloud by Vehumet.
 17256 | Lair:1   | Learned a level 5 spell: Freezing Cloud
 17441 | Lair:1   | Reached skill level 1 in Air Magic
 18280 | Lair:1   | Reached skill level 10 in Conjurations
 18280 | Lair:1   | Reached skill level 10 in Ice Magic
 18376 | Lair:2   | Noticed a catoblepas
 18395 | Lair:2   | Killed a catoblepas
 18657 | Lair:2   | Found a dark tunnel.
 18691 | Volcano  | Entered a volcano
 18708 | Volcano  | Noticed a centaur warrior
 18711 | Volcano  | Killed a centaur warrior
 18865 | Volcano  | Noticed a red draconian
 18872 | Volcano  | Killed a red draconian
 18873 | Volcano  | Reached skill level 10 in Fighting
 19106 | Lair:2   | Reached XP level 13. HP: 61/61 MP: 24/24
 19436 | Lair:2   | Found a hole to the Spider Nest.
 19510 | Lair:2   | Found a staircase to the Shoals.
 20178 | Lair:2   | Found an opulent altar of Gozag.
 20405 | Lair:3   | Reached ***** piety under Vehumet
 20664 | Lair:3   | You fall into a shaft and drop 1 floor!
 20664 | Lair:4   | Noticed Rupert
 20678 | Lair:3   | Offered knowledge of Conjure Ball Lightning by Vehumet.
 21018 | Lair:2   | Reached skill level 5 in Unarmed Combat
 21275 | Lair:3   | Reached skill level 5 in Dodging
 22753 | Lair:4   | Offered knowledge of Fireball by Vehumet.
 23101 | Lair:4   | Found a runed translucent gate.
 23101 | Lair:4   | Found a runed translucent gate.
 23101 | Lair:4   | Found a runed translucent gate.
 23101 | Lair:4   | Noticed an acid blob
 23101 | Lair:4   | Noticed an acid blob
 23101 | Lair:4   | Noticed an azure jelly
 23102 | Lair:4   | Noticed a rockslime
 23102 | Lair:4   | Noticed an acid blob
 23102 | Lair:4   | Noticed Som Pofo's ghost (journeyman DDGl)
 23102 | Lair:4   | Noticed an acid blob
 23397 | Lair:4   | Found a viscous altar of Jiyva.
 23472 | Lair:5   | Found a staircase to the Slime Pits.
 24115 | Lair:5   | Reached skill level 11 in Conjurations
 24352 | Lair:5   | Reached XP level 14. HP: 66/66 MP: 25/26
 25558 | D:7      | Killed tilp's ghost
 25730 | Orc:1    | Entered Level 1 of the Orcish Mines
 25872 | Orc:1    | Found a radiant altar of Vehumet.
 25905 | Orc:1    | Noticed Harold
 25942 | Orc:1    | Killed Harold
 26224 | Orc:1    | Noticed Erica
 26441 | Orc:1    | Killed Erica
 26539 | Orc:2    | Entered Level 2 of the Orcish Mines
 26789 | Orc:2    | HP: 3/66 [two-headed ogre/+0 giant club (17)]
 27135 | Orc:2    | Reached skill level 10 in Stealth
 27274 | Orc:2    | Found a staircase to the Elven Halls.
 27274 | Orc:2    | Noticed an orc warlord
 27347 | Orc:2    | Killed an orc warlord
 27704 | Orc:2    | Offered knowledge of Orb of Destruction by Vehumet.
 27713 | Orc:2    | Learned a level 7 spell: Orb of Destruction
 28859 | Orc:2    | Found Wizeu's Distillery.
 28859 | Orc:2    | Found Wemmu's Distillery.
 28908 | Orc:2    | Found Orennosu's Armour Shop.
 28908 | Orc:2    | Found Ymugub's Magic Scroll Shop.
 28929 | Orc:2    | Bought a scroll of magic mapping for 56 gold pieces
 28929 | Orc:2    | Bought a scroll of magic mapping for 56 gold pieces
 29399 | Lair:6   | Entered Level 6 of the Lair of Beasts
 29802 | Lair:6   | Reached skill level 12 in Conjurations
 30868 | Lair:6   | Reached XP level 15. HP: 71/71 MP: 15/28
 31920 | D:10     | Shot with a bolt by a yaktaur captain
 31921 | D:10     | Reached XP level 14. HP: 0/67 MP: 18/36
 31974 | D:10     | Noticed a frost giant
 32148 | D:10     | Noticed a stone giant
 32153 | D:10     | Killed a stone giant
 33100 | D:10     | Killed a frost giant
 33101 | D:10     | Reached skill level 13 in Conjurations
 33600 | D:10     | Found a staircase to the Lair.
 34716 | D:12     | Offered knowledge of Ozocubu's Refrigeration by Vehumet.
 34725 | D:12     | Learned a level 7 spell: Ozocubu's Refrigeration
 35952 | D:12     | Reached skill level 14 in Conjurations
 37103 | D:13     | Identified the +7 broad axe of the Demagogue {holy, rElec
                  | rC+ Dex-2 SInv}
 38037 | D:13     | Reached XP level 15. HP: 72/72 MP: 17/29
 38134 | D:14     | Noticed Kirke
 38304 | D:14     | Found a runed translucent door.
 39050 | D:14     | Reached skill level 15 in Conjurations
 39830 | D:14     | Killed Kirke
 40102 | D:14     | Noticed Agnes
 40156 | D:14     | Noticed Louise
 42394 | Lair:6   | Found the +2 Maxwell's thermic engine {flame, freeze}
 42458 | Lair:6   | Identified the amulet of Fragile Peace {Spirit Harm rElec
                  | rC+ Stlth+}
 42628 | Shoals:1 | Entered Level 1 of the Shoals
 42773 | Shoals:1 | Offered knowledge of Lightning Bolt by Vehumet.
 44247 | Shoals:1 | Learned a level 3 spell: Stone Arrow
 44821 | Shoals:1 | Reached skill level 1 in Earth Magic
 45480 | Shoals:2 | Killed from afar by a wind drake
 45481 | Shoals:2 | Reached XP level 14. HP: -1/69 MP: 14/37
 46751 | Shoals:3 | Reached XP level 15. HP: 73/73 MP: 11/29
 46931 | Shoals:3 | Noticed Polyphemus
 47511 | Shoals:3 | Noticed Roxanne
 47528 | Shoals:3 | Killed Roxanne
 48300 | Shoals:3 | HP: 2/73 [Polyphemus (27)]
 48301 | Shoals:3 | Mangled by Polyphemus

Illustrated notes

Levels and vault maps discovered:
D:1:      roderic_dead_forest, layout_loops_ring, ebering_ecumenical_altar_box
D:2:      layout_basic, kennysheep_small_spiral
D:3:      layout_basic, mainiacjoe_overflow_cross_hatched
D:4:      layout_loops_ring, fedhas_ov_isle_minmay
D:5:      layout_loops_ring, serial_shops, shop_statue,
          hangedman_abyss_or_decor_lesser_grid
D:6:      wad_crossroads, layout_loops_ring, minmay_temple_entry_offerings,
          hangedman_decor_diamond_cutter, st_stairs_1, kennysheep_another_room
D:7:      layout_gridville, hellmonk_ghost_happy_afterlife, uniq_joseph
D:8:      kennysheep_seaside_town, layout_basic, nicolae_shop_unique_rings,
          minmay_evil_grid
D:9:      layout_roguey, tgw_sif, demons_altar, lemuel_flamethrower_hall
D:10:     layout_basic, erik_lair_orcish_takeover, grunt_decor_cap,
          nicolae_rejected_hall
D:11:     layout_irregular_city, erik_orc_4, okawaru_ov_weapons_minmay
D:12:     layout_gridville, onia_ninara_cookie
D:13:     layout_loops_ring, minmay_diced_spiral
D:14:     layout_loops_ring, david_vaults_4, lightli_airlock, uniq_agnes,
          uniq_louise, uniq_kirke
Temple:   dpeg_five_rooms_temple
Lair:1:   layout_roguey, lemuel_old_faithful
Lair:2:   layout_cave_pods, minmay_shoals_entry_beasts, dummy_spider_entry,
          enter_volcano_3, basic_altar, serial_bayou_shore_a
Lair:3:   layout_concentric_octagons, beast_lair_carwin_8
Lair:4:   layout_cave_pods, gammafunk_ghost_ooze, minivault_26, uniq_rupert
Lair:5:   layout_misc_corridors, nicolae_slime_entry_slimehenge,
          kilobyte_rumbling_trees
Lair:6:   grunt_lair_end_beastmaster, layout_gridlike
Shoals:1: layout_shoals
Shoals:2: layout_shoals, nicolae_shoals_arrival_archipelago
Shoals:3: layout_shoals, uniq_polyphemus, uniq_roxanne
Orc:1:    layout_caves, basic_altar, uniq_josephine, uniq_erica, uniq_harold
Orc:2:    st_orc_elflike, layout_caves, gauntlet_entry_generic

Skill      XL: |  1  2  3  4  5  6  7  8  9 10 11 12 13 14 15 |
---------------+----------------------------------------------+-----
Ice Magic      | 4 5 6 7 8 9 10 11 13 | 13.0
Fighting       | 1 2 3 4 5 6 7 8 10 12 | 12.5
Spellcasting   | 3 4 5 7 9 |  9.7
Stealth        | 3 6 7 8 9 10 11 | 11.5
Dodging        | 3 4 6 8 |  8.0
Evocations     | 1 2 3 4 5 7 8 9 |  9.2
Unarmed Combat | 1 2 3 4 6 8 |  8.0
Conjurations   | 3 6 8 9 10 11 14 15 | 15.8
Air Magic      | 4 |  4.0
Earth Magic    | 2 |  2.2

Action                   |  1- 3 |  4- 6 |  7- 9 | 10-12 | 13-15 || total
-------------------------+-------+-------+-------+-------+-------++-------
Melee: Unarmed           |    16 |    23 |    95 |   139 |   361 ||   634
       Bite              |     1 |     1 |     8 |    26 |    64 ||   100
       Punch             |       |       |     1 |     3 |    21 ||    25
 Cast: Freeze            |    38 |    27 |    65 |    53 |    49 ||   232
       Frozen Ramparts   |     3 |    24 |    35 |    49 |    88 ||   199
       Ozocubu's Armour  |     1 |    12 |    30 |    43 |    82 ||   168
       Hailstorm         |       |       |    29 |   157 |   244 ||   430
       Freezing Cloud    |       |       |       |     7 |   180 ||   187
       Orb of Destructio |       |       |       |       |   199 ||   199
       Stone Arrow       |       |       |       |       |     8 ||     8
Evoke: Wand              |       |       |     2 |     4 |    14 ||    20
  Use: Scroll            |     6 |     9 |     5 |    13 |    11 ||    44
       Potion            |       |       |     1 |       |     4 ||     5
 Stab: Sleeping          |     7 |    12 |     6 |    11 |    23 ||    59
       Paralysed         |       |       |       |     4 |     6 ||    10
       Distracted        |       |       |       |     1 |     1 ||     2
       Petrified         |       |       |       |     2 |       ||     2
       Petrifying        |       |       |       |     1 |       ||     1
Armor: Skin              |     2 |     7 |    34 |    55 |    81 ||   179
Dodge: Dodged            |    34 |    28 |    90 |   166 |   359 ||   677
Block: Other             |     4 |    12 |    27 |    50 |   122 ||   215
       Reflection        |       |       |     2 |    10 |    18 ||    30

Table legend: (Time is in decaauts)
 A = Elapsed time spent in this place.
 B = Non-inter-level travel time spent in this place.
 C = Inter-level travel time spent in this place.
 D = Time resting spent in this place.
 E = Time spent auto-exploring this place.
 F = Levels seen in this place.
 G = Mean time per level.
                   A        B        C        D        E       F      G
               +--------+--------+--------+--------+--------+-----+--------+
         Total |  44299 |  42371 |   1928 |  12225 |  24018 |  27 | 1640.7 |
       Dungeon |  25055 |  24092 |    963 |   6208 |  14513 |  14 | 1789.6 |
        Temple |    244 |    171 |     73 |      0 |    161 |   1 |  244.0 |
          Lair |  10070 |   9331 |    739 |   2420 |   5571 |   6 | 1678.3 |
        Shoals |   5376 |   5323 |     53 |   2234 |   2466 |   3 | 1792.0 |
  Orcish Mines |   3268 |   3170 |     98 |   1200 |   1305 |   2 | 1634.0 |
       Volcano |    283 |    283 |      0 |    162 |      0 |   1 |  283.0 |
               +--------+--------+--------+--------+--------+-----+--------+

Top non-repeatable levels by time:
    D:10: 4068 daAuts
    D:12: 2619 daAuts
  Lair:6: 2559 daAuts
     D:7: 2377 daAuts
    D:13: 2368 daAuts
  Lair:2: 2351 daAuts
Shoals:1: 2344 daAuts
     D:8: 2015 daAuts
     D:6: 1980 daAuts
   Orc:2: 1893 daAuts
    D:14: 1865 daAuts
    D:11: 1597 daAuts
Shoals:3: 1527 daAuts
  Lair:5: 1512 daAuts
Shoals:2: 1505 daAuts
